 Dungeon Crawl Stone Soup version 0.30.0-5-g1a98f26d00 (webtiles) character file.

Game seed: 9656779812449654561

66 McKennaii the Conjurer (level 3, -3/26 HPs)
             Began as a Demigod Conjurer on May 11, 2023.
             Slain by a gnoll
             ... wielding a +0 flail
              (10 damage)
             ... on level 2 of the Dungeon.
             The game lasted 00:00:47 (1302 turns).

McKennaii the Conjurer (Demigod Conjurer)           Turns: 1302, Time: 00:00:48

Health: -3/26      AC:  2    Str:  8    XL:     3   Next: 69%
Magic:  5/10       EV: 12    Int: 24    God:
Gold:   81         SH:  0    Dex: 12    Spells: 4/7 levels left

rFire   . . .        (no weapon)
rCold   . . .        (no shield)
rNeg    . . .        a - +0 robe
rPois   .            (no helmet)
rElec   .            (no cloak)
rCorr   .            (no gloves)
SInv    .            (no boots)
Will    .....        (no amulet)
Stlth   ++           (no ring)
HPRegen 0.24/turn    (no ring)
MPRegen 0.12/turn

%: no passive effects
@: no status effects
A: high MP 1, forlorn, divine attributes
a: no special abilities


You were on level 2 of the Dungeon.
You visited 1 branch of the dungeon, and saw 2 of its levels.

You collected 81 gold pieces.

Inventory:

Armour
 a - a +0 robe (worn)
Scrolls
 c - 2 scrolls of teleportation {unknown}
 d - 2 scrolls of identify {unknown}
 e - a scroll of immolation {unknown}
 g - a scroll of blinking {unknown}
 h - 3 scrolls of amnesia {unknown}
 j - 3 scrolls of poison {unknown}
 k - a scroll of brand weapon {unknown}
Potions
 b - a potion of magic
 f - a potion of curing {unknown}
 i - a potion of invisibility {unknown}


   Skills:
 - Level 1.7 Dodging
 - Level 1.7 Stealth
 + Level 2.8 Spellcasting
 + Level 4.4 Conjurations


You had 4 spell levels left.
You knew the following spells:

 Your Spells              Type           Power      Damage    Failure   Level
a - Magic Dart            Conj           96%        1d7       1%          1
b - Searing Ray           Conj           48%        2d6       2%          2

Your spell library contained the following spells:

 Spells                   Type           Power      Damage    Failure   Level
 Dazzling Flash           Conj/Hex       28%        N/A       13%         3
 Fulminant Prism          Conj/Hex       7%         3d7       41%         4
 Iskenderun's Mystic Bla  Conj/Tloc      14%        2d5       41%         4


Dungeon Overview and Level Annotations

Branches:
Dungeon (2/15)

Shops:
D:2 !


Innate Abilities, Weirdness & Mutations

You have an increased reservoir of magic. (+10% MP)
You shall have no god before yourself.
Your divine heritage dramatically boosts your attributes as you level up.


Message History

You see here a rat corpse.
A hobgoblin comes into view.
The hobgoblin shouts!
You hear a shout! x2
The magic dart hits the hobgoblin!
You kill the hobgoblin!
A bat comes into view.
A gnoll comes into view. It is wielding a +0 flail.
The magic dart hits the gnoll.
The gnoll is moderately wounded.
There are monsters nearby!
A gnoll comes into view. It is wielding a +0 flail.
Found a dagger.
Found Istralich's Distillery.
The gnoll barely misses you.
You see here a hobgoblin corpse.
The magic dart hits the gnoll.
The gnoll is heavily wounded.
The bat closely misses you. The gnoll barely misses you.
There are monsters nearby!
You hit the gnoll.
The gnoll is severely wounded.
The bat closely misses you. The bat hits you.
The gnoll hits you with a +0 flail!
The magic dart hits the gnoll.
You kill the gnoll!
The bat closely misses you. The bat misses you. The gnoll misses you.
Things that are here:
a +0 flail; a gnoll corpse
There are monsters nearby!
The magic dart hits the gnoll.
The gnoll is moderately wounded.
The bat closely misses you. The gnoll hits you with a +0 flail!
* * * LOW HITPOINT WARNING * * *
You are too injured to fight recklessly!
There are monsters nearby!
You are too injured to fight recklessly!
You are too injured to fight recklessly!
There are monsters nearby!
You are too injured to fight recklessly!
The gnoll attacks as you move away! The gnoll hits you with a +0 flail!
You die...

.# ###.# .∩...
###..).
########....##.
.........b..... #####
............#
^#(.#### #.g@.#
##.#.#.#.####...#†###
...#...#..#.#####...#
.<##.#...#...#.####.#
...)...#...#....†...#
..†#)#...#...#.######
...#...#..#.####
...#.#.#)####
.###.)####


You could see a gnoll and a bat.

Vanquished Creatures
  A gnoll (D:2)
  An adder (D:1)
  A worm (D:2)
  2 dart slugs (D:2)
  An orc (D:2)
  4 ball pythons
  2 endoplasms (D:1)
  2 goblins (D:1)
  3 hobgoblins (D:2)
  4 jackals
  4 quokkas
  3 bats
  2 frilled lizards
  5 kobolds
  2 rats
37 creatures vanquished.

Notes
Turn   | Place    | Note
-------+----------+-------------------------------------------
     0 | D:1      | McKennaii the Demigod Conjurer began the quest for the Orb.
     0 | D:1      | Reached XP level 1. HP: 14/14 MP: 5/5
   309 | D:1      | Reached XP level 2. HP: 20/20 MP: 5/7
   731 | D:2      | Reached skill level 4 in Conjurations
   932 | D:2      | Reached XP level 3. HP: 23/26 MP: 3/9
   935 | D:2      | Learned a level 2 spell: Searing Ray
  1296 | D:2      | Found Istralich's Distillery.
  1302 | D:2      | Slain by a gnoll

Illustrated notes

Levels and vault maps discovered:
D:1:      dpeg_arrival_erosion, layout_rooms
D:2:      minmay_spotlight, layout_rooms, serial_shops, shop, shop,
          ebering_ecumenical_altar_webs, basic_altar, hex_intersection,
          uniq_jessica

Skill      XL: |  1  2 |
---------------+-------+-----
Spellcasting   | 2 |  2.8
Conjurations   | 4 |  4.4
Dodging        | |  1.7
Stealth        | |  1.7

Action                     || total
---------------------------++-------
  Melee: Unarmed           ||    24
         Punch             ||     1
   Cast: Magic Dart        ||    74
 Armour: Robe              ||     6
  Dodge: Dodged            ||    51
